AoeStats
← [Type iLL] StopOut

Arabia

510839448Analyzed
1v1 RM · 24h ago on Oct 2, 2026· 30m 5s· 2 players
Game mode
Random Map
Map size
Tiny (2 player)
Population
200
Speed
Normal
Resources
Standard
Victory
Conquest
Starting age
Dark Age
Ending age
Imperial Age
RankedLock teamsTeams togetherTeam positionsShared explorationLock speedFull tech treeHidden civsTurbo modeCheats
Victory
Defeat
🇬🇧 Portuguese · United Kingdom
632
+14
🇺🇸 Danes · United States
588
-14
WhatInTheSamHill
9:06 Loom
10:53 Feudal Age
11:39 Man-at-Arms
12:17 Double-Bit Axe
20:07 Stone Mining
21:39 Horse Collar
25:51 Castle Age
[Type iLL] StopOut
8:10 Loom
10:11 Feudal Age
14:11 Castle Age
17:31 Gold Mining
Connection lost

Rejoining the realm…

Still unreachable

The connection could not be restored.

Session expired

The server has moved on; the page needs a fresh start.